 Dungeon Crawl Stone Soup version 0.29-a0-813-g4a14ea37d6 (webtiles) character file.

Game seed: 15839249285099663062

17488 xian the Basher (level 12, 0/95 HPs)
             Began as a Demonspawn Wanderer on July 3, 2022.
             Was a Priest of Wu Jian.
             Slain by a death yak simulacrum (30 damage)
             ... on level 12 of the Dungeon on July 4, 2022.
             The game lasted 00:42:39 (16375 turns).

xian the Basher (Demonspawn Wanderer)              Turns: 16375, Time: 00:42:40

Health: 0/95       AC: 21    Str: 20    XL:     12   Next: 19%
Magic:  13/13      EV:  9    Int: 17    God:    Wu Jian [***...]
Gold:   389        SH:  0    Dex: 13    Spells: 13/13 levels left

rFire   + . .      SeeInvis .   h - +5 whip (venom)
rCold   . . .      Faith    .   (no shield)
rNeg    . . .      Spirit   .   y - +0 plate armour
rPois   .          Reflect  .   (no helmet)
rElec   .          Harm     .   (cloak unavailable)
rCorr   .          Rampage  .   B - +2 pair of gloves
Will    .....                   j - +2 pair of boots
Stlth   ..........              (no amulet)
HPRegen 0.25/turn               m - +6 ring of intelligence
MPRegen 0.13/turn               g - ring of protection from fire

@: no status effects
A: demonic guardian 2, powered by pain 1, sturdy frame 1, weakness stinger 3
a: Renounce Religion, Wall Jump, Serpent's Lash


You were on level 12 of the Dungeon.
You worshipped Wu Jian.
Wu Jian was most pleased with you.
You visited 2 branches of the dungeon, and saw 13 of its levels.

You collected 634 gold pieces.
You spent 245 gold pieces at shops.

Inventory:

Hand Weapons
 h - a +5 whip of venom (weapon)
 I - a +3 arbalest of venom
Missiles
 k - 39 poisoned darts (quivered)
 G - a throwing net
 M - a curare-tipped dart
Armour
 d - a +1 ring mail
 j - a +2 pair of boots (worn)
 y - a +0 plate armour (worn)
 B - a +2 pair of gloves (worn)
 H - the +1 robe of Yredelemnul's Approval {Regen+ Slay+2}
   (You found it on level 7 of the Dungeon)

   Slay:      It affects your accuracy & damage with ranged weapons and melee
   (+2).
   Regen:     It increases your rate of health regeneration.
Jewellery
 g - a ring of protection from fire (right hand)
 m - a +6 ring of intelligence (left hand)
 O - a ring of protection from cold
 Q - a ring of protection from cold
Wands
 i - a wand of charming (8)
 o - a wand of digging (6)
 r - a wand of flame (72)
 u - a wand of iceblast (21)
 P - a wand of acid (4)
Scrolls
 c - 4 scrolls of teleportation
 e - 4 scrolls of fog
 n - 3 scrolls of immolation
 p - 2 scrolls of torment
 w - a scroll of vulnerability
 C - a scroll of fear
 S - a scroll of identify
Potions
 a - 3 potions of resistance
 b - 3 potions of haste
 f - 3 potions of berserk rage
 l - a potion of curing
 q - 2 potions of might
 s - 2 potions of magic
 v - a potion of invisibility
 x - a potion of brilliance
 z - 2 potions of heal wounds
 D - 2 potions of flight
 E - 2 potions of attraction
 F - 2 potions of mutation
 K - 2 potions of ambrosia
 N - a potion of lignification
Miscellaneous
 L - a lightning rod (4/4)


   Skills:
 + Level 9.0 Fighting
 + Level 11.8 Maces & Flails
 + Level 2.9 Throwing
 + Level 10.2 Armour
 + Level 4.4 Dodging
 + Level 3.6 Stealth
 + Level 2.1 Unarmed Combat
 + Level 1.0 Spellcasting
 + Level 1.1 Evocations


You had 13 spell levels left.
You didn't know any spells.
Your spell library contained the following spells:

 Spells                   Type           Power      Damage    Failure   Level
 Freeze                   Ice            0%         1d3       89%         1
 Necrotise                Necr           0%         1d4       89%         1
 Shock                    Conj/Air       0%         1d3       89%         1
 Sting                    Tmut/Pois      0%         1d3       89%         1
 Poisonous Vapours        Pois/Air       0%         N/A       96%         2
 Confusing Touch          Hex            0%         N/A       99%         3
 Conjure Flame            Conj/Fire      0%         6-21      99%         3
 Frozen Ramparts          Ice            0%         1d2       99%         3
 Ignite Poison            Fire/Tmut/Pois 0%         N/A       99%         3
 Mephitic Cloud           Conj/Pois/Air  0%         N/A       99%         3
 Swiftness                Air            0%         N/A       99%         3
 Tukima's Dance           Hex            0%         N/A       99%         3
 Vampiric Draining        Necr           0%         2d6       99%         3
 Airstrike                Air            0%         0-1+      100%        4
 Hailstorm                Conj/Ice       0%         3d3       100%        4
 Leda's Liquefaction      Hex/Erth       0%         N/A       100%        4
 Olgreb's Toxic Radiance  Pois           0%         N/A       100%        4
 Passage of Golubria      Tloc           0%         N/A       100%        4
 Sticky Flame             Conj/Fire      0%         2d3       100%        4
 Agony                    Necr           0%         N/A       100%        5
 Freezing Cloud           Conj/Ice/Air   0%         6-21      100%        5
 Lee's Rapid Deconstruct  Erth           0%         3d5*      100%        5
 Yara's Violent Unravell  Hex/Tmut       0%         3d3       100%        5
 Statue Form              Tmut/Erth      0%         N/A       100%        6
 Enfeeble                 Hex            0%         N/A       100%        7


Dungeon Overview and Level Annotations

Branches:
Dungeon (12/15)            Temple (1/1) D:6            Lair (0/6) D:10
    Orc (0/2) D:10

Altars:
Ashenzari
Cheibriados
Dithmenos
Fedhas
Gozag
Hepliaklqana
Kikubaaqudgha
Makhleb
Nemelex Xobeh
Okawaru
Qazlal
Ru
Sif Muna
Trog
Uskayaw
Vehumet
Wu Jian
Xom
Yredelemnul

Shops:
D:2 :   D:6 ?   D:7 !

Portals:
Ice
Cave: D:12

Annotations:
D:10 exclusion: orange crystal statue
D:11 1 runed translucent door


Innate Abilities, Weirdness & Mutations

A demonic guardian rushes to your aid.
You sometimes gain a little power by taking damage.
Your movements are slightly less encumbered by armour. (ER -2)
You have a sharp stinger which inflicts weakening toxins.


Message History

The two-headed ogre simulacrum is lightly damaged.
You whack the two-headed ogre simulacrum!
The two-headed ogre simulacrum is moderately damaged.
There is an open door, spattered with blood here.
You see here a troll corpse.
You hit the two-headed ogre simulacrum.
The two-headed ogre simulacrum is heavily damaged.
You whack the two-headed ogre simulacrum!
The two-headed ogre simulacrum is severely damaged.
You hit the two-headed ogre simulacrum.
The two-headed ogre simulacrum is almost destroyed.
The two-headed ogre simulacrum hits you but does no damage.
The two-headed ogre simulacrum closely misses you.
You whack the two-headed ogre simulacrum!
The two-headed ogre simulacrum vaporises!
The Council accepts your kill.
Really walk into that cloud of freezing vapour?
Okay, then.
There are monsters nearby!
A troll simulacrum comes into view.
You whack the troll simulacrum! You tail-slap the troll simulacrum.
The troll simulacrum is heavily damaged.
The troll simulacrum bites you but does no damage.
The troll simulacrum claws you but does no damage.
The troll simulacrum closely misses you.
You whack the troll simulacrum!
The troll simulacrum is almost destroyed.
You hit the troll simulacrum.
The troll simulacrum vaporises!
The Council accepts your kill.
Really walk into that cloud of freezing vapour? [Y]es or [N]o only, please.
Really walk into that cloud of freezing vapour?
Okay, then.
You hit the death yak simulacrum. You tail-slap the death yak simulacrum.
The death yak simulacrum is lightly damaged.
You whack the death yak simulacrum!
The death yak simulacrum is moderately damaged.
The death yak simulacrum gores you. The death yak simulacrum freezes you!!
You die...

*,.........(...#** #.....
***#...........+.####.....
#(.....^....#....#.....
#...........####)#.....
#...........# #)))....
#?.[..Z....)# ###.....
#.........$.# #.....
######Z###### ##'### #@.#
#..## #####.## ##..#
#......#### ####.#
#.........#### #.....
#......##....###.....
#......#####.^##.....
#.(....# ##........
#..>...# ####.....
#......# #.....


You could see a death yak simulacrum and a troll simulacrum.

Vanquished Creatures
  Josephine (D:11)
  A hydra (D:12)
  A two-headed ogre (D:10)
  Amaemon (D:9)
  The ghost of gobodom the Cudgeller, a novice DsFE of Hepliaklqana (D:7)
  A manticore (D:11)
  An orange demon (D:9)
  A komodo dragon (D:12)
  A kobold demonologist (D:9)
  3 trolls
  A meliai (D:12)
  A hornet (D:11)
  33 yaks
  Eustachio (D:4)
  5 wraiths
  5 vampire mosquitoes
  A steam dragon (D:10)
  A water moccasin (D:9)
  3 orc warriors
  An ice beast (D:6)
  2 sky beasts
  A black bear (D:6)
  A centaur (D:7)
  A wolf (D:10)
  6 kobold brigands
  7 bullfrogs
  4 scorpions
  A two-headed ogre simulacrum (D:12)
  10 wights
  6 killer bees
  2 electric eels (D:10)
  2 hounds (D:10)
  2 gnoll boudas
  3 orc priests
  3 jellies
  Natasha (thrice) (D:2)
  3 iguanas
  6 orc wizards
  2 troll simulacra (D:12)
  9 gnolls
  5 adders
  A naga simulacrum (D:12)
  2 shadow imps
  A white imp (D:6)
  4 dart slugs
  29 orcs
  3 endoplasms
  5 goblins
  9 hobgoblins
  A quokka (D:3)
  5 ball pythons
  4 bats
  3 frilled lizards
  20 kobolds
  10 rats
240 creatures vanquished.

Vanquished Creatures (collateral kills)
  Erica (D:8)
  A two-headed ogre (D:9)
  2 ugly things (D:11)
  An ice beast (D:5)
  A scorpion (D:6)
  2 hounds (D:10)
  A polar bear simulacrum (D:12)
  A wolf simulacrum (D:12)
  3 gnolls (D:6)
13 creatures vanquished.

Vanquished Creatures (others)
  5 plants
  2 withered plants (D:2)
7 creatures vanquished.

Grand Total: 260 creatures vanquished

Notes
Turn   | Place    | Note
-------+----------+-------------------------------------------
     0 | D:1      | xian the Demonspawn Wanderer began the quest for the Orb.
     0 | D:1      | xian set off with the following items: a +0 club, a potion
                  | of haste, a scroll of teleportation, a +0 ring mail, a
                  | scroll of fog, a potion of berserk rage.
     0 | D:1      | Reached XP level 1. HP: 16/16 MP: 2/2
   556 | D:1      | Gained mutation: Your movements are slightly less
                  | encumbered by armour. (ER -2) [demonic ancestry]
   556 | D:1      | Reached XP level 2. HP: 21/23 MP: 3/3
  1586 | D:2      | Found a faded altar of an unknown god.
  1588 | D:2      | Reached XP level 3. HP: 28/28 MP: 4/4
  1637 | D:2      | Found Udwisa's Book Emporium.
  1648 | D:2      | Upgraded the game from 0.29-a0-802-g34511f41fd to
                  | 0.29-a0-813-g4a14ea37d6
  1687 | D:2      | Noticed Natasha
  1695 | D:2      | Killed Natasha
  1696 | D:2      | Reached skill level 1 in Maces & Flails
  1711 | D:2      | Reached XP level 4. HP: 32/34 MP: 5/5
  1771 | D:2      | Noticed Natasha
  1787 | D:2      | Killed Natasha
  1885 | D:2      | Noticed Natasha
  1892 | D:2      | Killed Natasha
  2889 | D:3      | Gained mutation: You have a small tail. [demonic ancestry]
  2889 | D:3      | Reached XP level 5. HP: 38/41 MP: 6/6
  3061 | D:3      | Found a hide-covered altar of Uskayaw.
  3169 | D:3      | Found an opulent altar of Gozag.
  3486 | D:4      | Noticed Eustachio
  3680 | D:4      | Killed Eustachio
  3681 | D:4      | Reached skill level 2 in Maces & Flails
  3681 | D:4      | Reached skill level 1 in Dodging
  3681 | D:4      | Gained mutation: A weak demonic guardian rushes to your
                  | aid. [demonic ancestry]
  3681 | D:4      | Reached XP level 6. HP: 24/47 MP: 7/7
  4221 | D:5      | Entered Level 5 of the Dungeon
  4287 | D:5      | Reached skill level 3 in Maces & Flails
  4461 | D:5      | Gained mutation: A demonic guardian rushes to your aid.
                  | [demonic ancestry]
  4461 | D:5      | Reached XP level 7. HP: 43/53 MP: 8/8
  4959 | D:5      | Reached skill level 4 in Maces & Flails
  5594 | D:6      | Found Geyzemyas's Magic Scroll Shoppe.
  5882 | D:6      | Bought a scroll of fear for 49 gold pieces
  5882 | D:6      | Bought a scroll of teleportation for 42 gold pieces
  6007 | D:6      | Noticed a yak
  6007 | D:6      | Noticed a yak
  6007 | D:6      | Noticed a yak
  6010 | D:6      | Noticed a yak
  6022 | D:6      | Killed a yak
  6023 | D:6      | Reached XP level 8. HP: 48/61 MP: 9/9
  6027 | D:6      | Reached skill level 5 in Maces & Flails
  6556 | D:6      | Reached skill level 5 in Fighting
  6649 | D:6      | Reached skill level 6 in Maces & Flails
  6649 | D:6      | Reached skill level 5 in Armour
  6898 | D:6      | Found a staircase to the Ecumenical Temple.
  6906 | Temple   | Entered the Ecumenical Temple
  7088 | Temple   | Became a worshipper of the Wu Jian Council
  7276 | D:6      | Gained mutation: You have a tail ending in a sharp stinger.
                  | [demonic ancestry]
  7276 | D:6      | Reached XP level 9. HP: 68/68 MP: 10/10
  7362 | D:7      | Found Vyzu's Distillery.
  7370 | D:7      | Bought a potion of flight for 33 gold pieces
  7370 | D:7      | Bought a potion of attraction for 33 gold pieces
  7370 | D:7      | Bought a potion of mutation for 88 gold pieces
  7663 | D:7      | Identified the +1 robe of Yredelemnul's Approval {Regen+
                  | Slay+2}
  7700 | D:7      | Reached skill level 7 in Maces & Flails
  7829 | D:7      | Found a runed translucent gate.
  7830 | D:7      | Found a runed translucent gate.
  7831 | D:7      | Found a runed translucent gate.
  7833 | D:7      | Noticed gobodom's ghost (novice DsFE)
  7888 | D:7      | Killed gobodom's ghost
  8033 | D:7      | Found a shadowy altar of Dithmenos.
  8134 | D:7      | Reached * piety under Wu Jian
  8415 | D:7      | Reached skill level 8 in Maces & Flails
  8587 | D:8      | Noticed Erica
  8599 | D:8      | Killed Erica
  8968 | D:8      | Gained mutation: You sometimes gain a little power by
                  | taking damage. [demonic ancestry]
  8968 | D:8      | Reached XP level 10. HP: 25/76 MP: 11/11
 10702 | D:9      | Reached skill level 9 in Maces & Flails
 10889 | D:9      | Reached ** piety under Wu Jian
 11143 | D:9      | Noticed an orange demon
 11145 | D:9      | Noticed Amaemon
 11165 | D:9      | Killed an orange demon
 11181 | D:9      | Killed Amaemon
 11182 | D:9      | Reached skill level 10 in Maces & Flails
 11195 | D:9      | Gained mutation: You have a sharp stinger which inflicts
                  | weakening toxins. [demonic ancestry]
 11195 | D:9      | Reached XP level 11. HP: 53/84 MP: 12/12
 11481 | D:9      | Noticed a two-headed ogre
 11505 | D:9      | Killed a two-headed ogre
 11806 | D:9      | Found a basalt altar of Yredelemnul.
 12144 | D:10     | Entered Level 10 of the Dungeon
 12156 | D:10     | Found a staircase to the Orcish Mines.
 12440 | D:10     | Found a staircase to the Lair.
 12458 | D:10     | Reached *** piety under Wu Jian
 12805 | D:10     | Noticed an orange crystal statue
 12826 | D:10     | Noticed a two-headed ogre
 13068 | D:10     | Reached skill level 11 in Maces & Flails
 13577 | D:10     | Noticed a two-headed ogre
 13592 | D:10     | Killed a two-headed ogre
 13904 | D:10     | Noticed a white ugly thing
 13910 | D:10     | Noticed a centaur warrior
 14517 | D:11     | Noticed a white ugly thing
 14532 | D:11     | Killed a white ugly thing
 14681 | D:11     | Noticed a wizard
 14685 | D:11     | Noticed a steelbarb worm
 14686 | D:11     | Found a runed translucent door.
 14687 | D:11     | Noticed a two-headed ogre
 14687 | D:11     | Noticed a green ugly thing
 14696 | D:11     | Noticed a sea snake
 14696 | D:11     | Noticed an orb spider
 14696 | D:11     | a sea snake changed into an orb spider
 14697 | D:11     | Noticed an anaconda
 14697 | D:11     | an orb spider changed into an anaconda
 14701 | D:11     | Noticed a glowing orange brain
 14701 | D:11     | an anaconda changed into a glowing orange brain
 14708 | D:11     | Noticed a wolf spider
 14709 | D:11     | Noticed an alligator
 14709 | D:11     | a wolf spider changed into an alligator
 14718 | D:11     | Noticed a radroach
 14881 | D:11     | Noticed a white ugly thing
 14891 | D:11     | HP: 1/87 [white ugly thing (13)]
 14894 | D:11     | Killed a white ugly thing
 15509 | D:11     | Noticed Josephine
 15522 | D:11     | Killed Josephine
 15523 | D:11     | Reached XP level 12. HP: 90/94 MP: 13/13
 15660 | D:11     | Paralysed by a hornet for 2 turns
 16246 | D:12     | HP: 1/94 [something (6)]
 16249 | D:12     | Noticed a six-headed hydra
 16254 | D:12     | Killed a six-headed hydra
 16255 | D:12     | Reached skill level 10 in Armour
 16354 | D:12     | Found a frozen archway.
 16375 | D:12     | Slain by a death yak simulacrum

Illustrated notes

Levels and vault maps discovered:
D:1:      minmay_arrival_stone_box, layout_basic, serial_forest,
          infiniplex_forest_lined_room_3, infiniplex_forest_lined_3,
          infiniplex_forest_straight_2, infiniplex_forest_clump_long,
          infiniplex_forest_pool, infiniplex_forest_end_3,
          infiniplex_forest_straight_4, infiniplex_forest_clump_tiny,
          chequers_serial_rivers_micro_d, item_on_display_a
D:2:      layout_loops_ring, serial_shops, shop,
          shapermc_ecumenical_altar_flowoftime, chequers_serial_rivers_small_a,
          uniq_natasha
D:3:      layout_rooms, nicolae_overflow_hidden_temple
D:4:      layout_rooms, uniq_eustachio
D:5:      layout_basic, serial_glass, glass_columns_b, glass_columns_a,
          minmay_strange_pillars, feat_on_display
D:6:      layout_loops_ring, minmay_temple_entry_overgrown, serial_shops,
          nicolae_shop_statue_plus, kennysheep_small_circle
D:7:      layout_loops_ring, kennysheep_little_box, serial_shops, shop,
          ebering_ghost_rock_garden
D:8:      layout_layer_cave, sigmund_army, uniq_erica
D:9:      layout_roguey, yredelemnul_altar_generic, uniq_amaemon
D:10:     layout_long_grid, erik_lair_island, orc_0_dummy, minivault_16
D:11:     layout_stronghold, minmay_misc_feat_encased, minmay_st_funbox,
          kennysheep_generic_room_3, uniq_josephine
D:12:     layout_roguey, portal_ice_cave_entry_ice_simulacra,
          gammafunk_ghost_split, special_room [special_room_bee]
Temple:   bh_familiar_temple

Skill      XL: |  1  2  3  4  5  6  7  8  9 10 11 12 |
---------------+-------------------------------------+-----
Armour         | 2 3 4 5 6 8 9 10 | 10.2
Unarmed Combat | 2 |  2.1
Maces & Flails | 1 2 3 4 6 8 10 11 | 11.8
Fighting       | 3 4 5 6 7 8 9 |  9.0
Dodging        | 1 2 3 4 |  4.4
Stealth        | 2 3 |  3.6
Throwing       | 2 |  2.9
Spellcasting   | |  1.0
Evocations     | |  1.1

Action                   |  1- 3 |  4- 6 |  7- 9 | 10-12 || total
-------------------------+-------+-------+-------+-------++-------
Melee: Club              |    19 |       |       |       ||    19
       Whip              |    62 |   141 |   302 |   690 ||  1195
       Punch             |     2 |     2 |     3 |    13 ||    20
       Tailslap          |       |    10 |    38 |   109 ||   157
Throw: Dart              |     1 |       |     2 |    24 ||    27
Invok: Lunge             |       |       |    11 |    28 ||    39
       Whirlwind         |       |       |     4 |    39 ||    43
  Use: Scroll            |     1 |     9 |     9 |    11 ||    30
       Potion            |       |     1 |       |    10 ||    11
 Stab: Sleeping          |       |       |     1 |       ||     1
Armor: Ring mail         |    50 |    95 |    10 |       ||   155
       Plate armour      |       |       |   133 |   302 ||   435
Dodge: Dodged            |    60 |    88 |    76 |   230 ||   454

Table legend: (Time is in decaauts)
 A = Elapsed time spent in this place.
 B = Non-inter-level travel time spent in this place.
 C = Inter-level travel time spent in this place.
 D = Time resting spent in this place.
 E = Time spent auto-exploring this place.
 F = Levels seen in this place.
 G = Mean time per level.
                   A        B        C        D        E       F      G
               +--------+--------+--------+--------+--------+-----+--------+
         Total |  16110 |  15824 |    286 |   2404 |   9889 |  13 | 1239.2 |
       Dungeon |  15910 |  15668 |    242 |   2404 |   9741 |  12 | 1325.8 |
        Temple |    199 |    155 |     44 |      0 |    148 |   1 |  199.0 |
               +--------+--------+--------+--------+--------+-----+--------+

Top non-repeatable levels by time:
    D:11: 2236 daAuts
     D:8: 1995 daAuts
    D:10: 1745 daAuts
     D:6: 1540 daAuts
     D:9: 1498 daAuts
     D:1: 1403 daAuts
     D:2: 1344 daAuts
     D:5: 1305 daAuts
     D:7: 1212 daAuts
     D:4: 789 daAuts
     D:3: 695 daAuts
  Temple: 199 daAuts
    D:12: 143 daAuts
